Map: Eternal Empire LE

Players

GOReynor (Reynor) - Winner!

  • Race: Zerg Zerg
  • League: Master
  • Spawn Location: 1:00

Clem

  • Race: Terran Terran
  • League: Master
  • Spawn Location: 7:00

Event: NationWars 2019

VOD

Have the link to the VOD?

Description

Time

  • Played on: Dec. 8, 2019, 1:15 p.m.
  • Length: 17:13

All games in this series

Show
View Real Time Build Order
Export as new Build Order

GOReynor Zerg - Winner!

Build Orders: Hatch First, Swarm Host 

Get SALT Encoding   

  12  0:00  Drone  
  13  0:12  Overlord  
  13  0:17  Drone  
  14  0:30  Drone x2  
  16  0:47  Hatchery  
  15  0:51  Drone  
  15  0:55  Drone  
  17  0:58  Drone  
  18  1:09  Extractor  
  17  1:13  Spawning Pool  
  17  1:16  Drone  
  17  1:20  Drone  
  18  1:28  Drone  
  19  1:38  Drone  
  20  1:49  Overlord  
  20  2:00  Queen, Drone x2  
  24  2:01  Queen  
  26  2:10  Zergling x2  
  26  2:11  Zergling x2  
  28  2:21  Drone x2  
  30  2:31  Drone  
  30  2:34  Metabolic Boost  
  30  2:37  Queen  
  31  2:40  Overlord  
  31  2:42  Drone  
  34  2:53  Drone x2  
  34  2:57  Overlord  
  35  3:05  Zergling x4  
  35  3:09  Hatchery  
  35  3:11  Drone  
  35  3:12  Drone x2  
  39  3:16  Overlord  
  39  3:18  Drone  
  40  3:22  Queen  
  44  3:27  Drone x2  
  44  3:36  Zergling x2  
  44  3:38  Drone  
  46  3:41  Drone  
  46  3:42  Drone  
  46  3:43  Overlord  
  46  3:46  Drone  
  49  3:49  Drone  
  49  3:54  Zergling x6  
  53  4:00  Baneling Nest  
  53  4:02  Overlord  
  52  4:04  Drone  
  52  4:07  Queen  
  52  4:09  Queen  
  55  4:10  Drone  
  55  4:11  Drone  
  55  4:14  Overlord  
  55  4:15  Drone x2  
  61  4:20  Overlord  
  61  4:21  Drone  
  61  4:24  Drone  
  65  4:32  Zergling x4  
  65  4:38  Zergling x4  
  69  4:40  Overlord  
  69  4:43  Drone x2  
  71  4:46  Lair  
  71  4:47  Drone  
  71  4:48  Drone  
  70  4:53  Overlord  
  70  4:54  Drone x4  
  70  4:57  Drone  
  70  4:59  Queen  
  76  5:00  Extractor  
  76  5:01  Extractor  
  76  5:05  Drone  
  76  5:06  Drone  
  76  5:08  Drone  
  77  5:16  Roach Warren, Zergling x4  
  77  5:18  Queen  
  77  5:19  Baneling x2  
  80  5:21  Drone x4  
  80  5:24  Zergling x6  
  86  5:34  Zergling x2  
  86  5:35  Zergling x2  
  79  5:37  Queen  
  79  5:38  Zergling x2  
  77  5:43  Zergling x2  
  77  5:44  Zergling x2, Queen  
  78  5:50  Zergling x2  
  78  5:53  Queen  
  78  5:54  Drone x2  
  79  6:02  Drone  
  79  6:03  Drone x2  
  77  6:06  Drone x3  
  77  6:09  Drone  
  78  6:11  Glial Reconstitution  
  78  6:16  Drone  
  78  6:20  Drone x2  
  78  6:21  Overseer, Extractor  
  78  6:24  Spore Crawler  
  77  6:26  Evolution Chamber, Spore Crawler  
  77  6:27  Drone  
  77  6:28  Drone  
  77  6:30  Drone  
  77  6:38  Drone x2  
  79  6:40  Drone  
  79  6:41  Extractor  
  79  6:42  Spore Crawler  
  79  6:45  Extractor  
  79  6:46  Drone x3  
  80  6:50  Drone x3  
  80  6:52  Roach, Zergling x2  
  86  6:55  Roach  
  86  6:57  Zerg Missile Weapons Level 1  
  86  7:00  Hatchery, Overseer  
  87  7:01  Roach  
  87  7:02  Roach  
  87  7:06  Overlord  
  87  7:07  Roach, Zergling x2  
  94  7:10  Drone  
  94  7:13  Drone x3  
  94  7:14  Drone  
  94  7:15  Roach  
  101  7:19  Overlord  
  101  7:25  Drone  
  101  7:26  Infestation Pit  
  101  7:27  Evolution Chamber  
  101  7:29  Drone  
  101  7:35  Overlord  
  101  7:38  Drone  
  101  7:40  Baneling Nest  
  101  7:42  Centrifical Hooks  
  102  7:49  Drone x13  
  115  7:52  Overlord  
  115  7:59  Overlord  
  115  8:07  Roach x2  
  115  8:11  Zerg Melee Weapons Level 1  
  119  8:15  Roach x3, Zergling x12  
  128  8:21  Roach x3, Queen  
  128  8:24  Roach x2  
  135  8:29  Zergling x4  
  132  8:36  Overlord  
  132  8:44  Baneling x7  
  132  8:49  Drone x2  
  132  8:50  Drone  
  132  8:54  Roach x2, Zergling x16  
  144  8:58  Roach  
  144  8:59  Baneling x5  
  144  9:02  Hive  
  142  9:04  Zerg Missile Weapons Level 2  
  142  9:07  Nydus Network  
  142  9:09  Roach x2, Zergling x6  
  141  9:18  Zergling x22  
  141  9:23  Overlord  
  149  9:27  Drone  
  149  9:30  Overlord x2  
  150  9:31  Overseer x2  
  150  9:40  Unknown  
  150  9:44  Swarm Host x3  
  158  9:47  Overlord  
  158  9:48  Spore Crawler  
  158  9:51  Ravager x2, Swarm Host x5  
  174  9:55  Overlord  
  174  9:58  Hatchery  
  173  10:03  Nydus Canal  
  174  10:09  Overlord  
  174  10:11  Swarm Host x3  
  174  10:13  Overlord  
  182  10:17  Baneling x6  
  182  10:18  Baneling x8  
  181  10:26  Baneling x6  
  181  10:27  Baneling  
  181  10:28  Nydus Canal  
  179  10:31  Drone  
  179  10:32  Zergling x2, Drone x4  
  179  10:33  Zergling x16  
  190  10:40  Roach  
  190  10:41  Roach  
  191  10:44  Overlord  
  191  10:46  Zergling x4  
  191  10:47  Zergling x2  
  191  10:48  Zergling x2  
  191  10:50  Overlord  
  183  10:57  Roach x2, Zergling x16  
  183  10:59  Nydus Canal  
  183  11:03  Roach x2, Zergling x12  
  181  11:07  Roach x2  
  181  11:10  Zergling x6  
  184  11:13  Hatchery  
  184  11:15  Baneling x12  
  184  11:16  Baneling x2  
  179  11:23  Nydus Canal  
  179  11:25  Roach x3, Zergling x6  
  188  11:28  Zerg Melee Weapons Level 2, Zerg Missile Weapons Level 3  
  188  11:30  Drone  
  188  11:32  Roach x2  
  184  11:33  Zergling x2  
  184  11:37  Ravager x3  
  184  11:38  Zergling x6  
  185  11:40  Nydus Canal  
  184  11:50  Drone x3  
  184  11:54  Ravager x2  
  188  11:55  Zergling x14  
  188  11:59  Drone  
  196  12:01  Spire  
  196  12:02  Baneling x6  
  196  12:04  Roach x2  
  199  12:13  Roach, Zergling x12  
  185  12:19  Roach x2, Zergling x6  
  174  12:25  Zergling x10  
  169  12:30  Drone x5  
  169  12:31  Zergling x2  
  169  12:33  Zergling x2  
  172  12:45  Baneling x8  
  172  12:46  Nydus Canal  
  172  12:49  Baneling x8  
  172  12:50  Zergling x14  
  179  12:51  Ravager  
  179  12:52  Ravager x2  
  179  12:55  Ravager x2  
  179  12:56  Roach x2  
  188  12:59  Drone x2  
  188  13:00  Drone  
  191  13:08  Overlord  
  191  13:09  Overlord  
  187  13:15  Zergling x28  
  187  13:18  Roach  
  183  13:20  Queen  
  183  13:21  Roach  
  183  13:26  Zergling x4  
  168  13:34  Roach x5  
  168  13:35  Roach  
  168  13:39  Drone x3  
  168  13:40  Drone x4  
  169  13:49  Roach x3, Zergling x4  
  169  13:50  Zergling x2  
  169  13:52  Ravager x4  
  180  13:56  Drone x2  
  180  14:02  Roach x3  
  186  14:06  Roach x3, Zergling x2  
  180  14:11  Roach x2, Zergling x2  
  180  14:15  Zergling x4  
  180  14:16  Spore Crawler  
  185  14:18  Ravager x2  
  185  14:19  Ravager  
  185  14:21  Roach x2, Zergling x4  
  182  14:28  Roach x4, Zergling x2  
  187  14:36  Roach x2, Zergling x4  
  179  14:48  Zergling x2  
  179  14:49  Zergling x18  
  179  14:51  Zergling x2  
  184  14:55  Overseer  
  184  14:58  Roach x3  
  178  15:00  Roach  
  178  15:01  Ravager x3  
  178  15:03  Roach  
  184  15:14  Roach x5  
  184  15:15  Roach  
  184  15:19  Roach x2  
  192  15:22  Drone  
  192  15:24  Baneling x4  
  192  15:25  Baneling x3  
  187  15:32  Drone x4  
  187  15:33  Roach x2  
  179  15:39  Roach x3, Zergling x4  
  179  15:42  Roach  
  180  15:43  Zergling x2  
  180  15:45  Ravager  
  180  15:46  Ravager  
  180  15:47  Zergling x4  
  179  15:50  Ravager  
  179  15:51  Ravager x2  
  179  15:52  Ravager  
  179  15:54  Roach x2, Zergling x2  
  187  15:59  Roach x2, Zergling x2  
  185  16:05  Roach x2, Zergling x6  
  185  16:07  Nydus Canal  
  185  16:09  Roach  
  185  16:10  Zergling x2  
  193  16:13  Zergling x4  
  193  16:17  Roach x2, Zergling x2  
  184  16:34  Roach x2  
  184  16:35  Roach, Zergling x16  
  198  16:40  Roach x3  
  198  16:43  Roach  
  193  16:51  Roach x6  
  193  16:52  Nydus Canal  
  188  16:57  Ravager x5  
  191  17:10  Hatchery  
Show
View Real Time Build Order
Export as new Build Order

Clem Terran 

Build Orders: Gas First Reaper Expand, Hellion Opening, Mech 

Get SALT Encoding   

  12  0:00  SCV  
  13  0:12  SCV  
  14  0:17  Supply Depot  
  14  0:25  SCV  
  15  0:29  Refinery  
  15  0:38  SCV  
  16  0:44  Barracks  
  16  0:51  SCV  
  17  1:03  SCV  
  18  1:15  SCV  
  19  1:31  Orbital Command, Reaper  
  20  1:44  Command Center  
  20  1:55  Factory  
  20  1:59  SCV  
  21  2:07  Barracks Reactor  
  21  2:11  SCV  
  21  2:15  Supply Depot  
  22  2:19  Refinery  
  22  2:23  SCV  
  23  2:36  SCV  
  24  2:44  Starport  
  24  2:48  SCV  
  24  2:51  Hellion x2  
  29  2:58  Orbital Command  
  29  3:02  SCV  
  29  3:03  Barracks Tech Lab  
  30  3:14  Hellion, SCV  
  30  3:17  Hellion  
  35  3:23  SCV  
  35  3:26  Viking  
  38  3:36  SCV  
  38  3:38  Hellion  
  38  3:40  Hellion  
  43  3:46  SCV  
  43  3:48  SCV  
  44  3:52  Supply Depot  
  44  3:56  Supply Depot  
  44  3:58  Armory  
  44  4:03  Hellion  
  46  4:13  Medivac  
  46  4:14  Hellion, SCV x2  
  52  4:26  SCV  
  52  4:27  SCV  
  52  4:30  Hellion, Supply Depot  
  56  4:35  Hellion  
  56  4:38  SCV  
  59  4:39  SCV  
  60  4:53  Command Center, Hellion  
  60  4:56  SCV  
  60  4:57  Hellion  
  65  5:01  Banshee, Cloaking Field  
  65  5:03  SCV  
  69  5:08  Supply Depot  
  69  5:09  Refinery  
  69  5:10  Refinery  
  69  5:13  SCV  
  70  5:30  Hellion, SCV x2  
  70  5:31  Hellion  
  72  5:42  SCV x2, Barracks Tech Lab  
  68  5:45  Factory  
  68  5:47  Factory  
  66  5:50  Banshee  
  66  5:51  Hellion  
  66  5:52  Hellion  
  66  5:54  SCV x2  
  71  6:06  SCV x2, Orbital Command  
  67  6:13  Widow Mine  
  67  6:18  Hellion, SCV x2  
  67  6:26  Barracks Tech Lab  
  67  6:28  Hyperflight Rotors, Orbital Command  
  67  6:29  Terran Vehicle And Ship Armor Level 1  
  67  6:30  SCV x2  
  69  6:34  Hellion  
  71  6:42  SCV x2, Hellion x2  
  71  6:43  Supply Depot  
  71  6:44  Supply Depot  
  71  6:46  Mag-Field Accelerator  
  77  6:47  Banshee  
  77  6:53  Supply Depot  
  80  6:54  SCV, Factory  
  80  6:55  SCV  
  80  6:56  Factory  
  80  7:00  Cyclone  
  85  7:01  SCV  
  85  7:06  SCV, Supply Depot  
  85  7:07  Hellion  
  85  7:08  Barracks Tech Lab  
  89  7:10  Cyclone  
  89  7:13  SCV  
  89  7:14  SCV  
  94  7:18  Supply Depot  
  94  7:19  SCV  
  94  7:21  Refinery  
  94  7:22  Refinery  
  95  7:26  SCV  
  95  7:29  Infernal Pre-Igniter  
  96  7:32  SCV  
  96  7:33  SCV, Armory  
  96  7:36  Banshee  
  101  7:39  Cyclone  
  101  7:44  SCV, Hellion x2  
  108  7:45  SCV, Supply Depot  
  110  7:55  Command Center  
  110  7:56  Siege Tank  
  113  7:59  SCV x2  
  113  8:03  Siege Tank  
  113  8:04  Supply Depot  
  118  8:08  SCV  
  118  8:09  Supply Depot  
  118  8:10  Hellion  
  118  8:11  Hellion  
  118  8:12  Cyclone  
  126  8:16  SCV  
  126  8:19  Factory Reactor  
  124  8:24  SCV  
  121  8:28  Siege Tank  
  121  8:29  Banshee  
  121  8:32  Hellion x2  
  132  8:42  Terran Vehicle Weapons Level 1  
  132  8:44  Supply Depot x2  
  130  8:49  Terran Vehicle And Ship Armor Level 2  
  130  8:52  SCV  
  130  8:53  Hellion x2, SCV  
  136  9:00  Hellion x2  
  138  9:06  Supply Depot  
  138  9:07  Cyclone x2  
  138  9:09  Siege Tank  
  144  9:10  SCV  
  144  9:14  SCV x2  
  144  9:16  Hellion  
  144  9:17  Hellion  
  144  9:22  SCV  
  144  9:23  Hellion  
  144  9:24  Hellion  
  145  9:33  SCV  
  145  9:35  SCV  
  147  9:39  Hellion x2  
  151  9:47  Factory x3  
  151  9:48  Siege Tank x2  
  151  9:49  Siege Tank, Unknown  
  151  9:51  Hellion x2  
  164  9:58  Starport Reactor  
  161  10:00  Hellion x2  
  161  10:02  SCV x2  
  161  10:03  Command Center, SCV  
  169  10:12  Orbital Command, Engineering Bay  
  169  10:13  Hellion  
  170  10:14  SCV  
  170  10:17  Hellion  
  170  10:20  SCV  
  174  10:24  Hellion  
  174  10:27  SCV  
  177  10:33  Hellion  
  177  10:35  Siege Tank x3, Factory Tech Lab  
  188  10:36  Factory Reactor, Factory Tech Lab  
  188  10:49  Smart Servos  
  173  10:52  Hellion x2  
  173  10:53  Hellion  
  173  10:57  Cyclone x2  
  173  11:00  Hellion  
  173  11:04  SCV  
  173  11:06  Command Center  
  173  11:07  Cyclone  
  173  11:08  SCV  
  173  11:10  SCV  
  174  11:15  Hellion x3  
  174  11:17  Cyclone x2  
  186  11:22  Refinery, Hellion x3  
  186  11:24  Refinery  
  192  11:25  Terran Vehicle Weapons Level 2  
  192  11:27  Terran Vehicle And Ship Armor Level 3  
  192  11:32  Planetary Fortress  
  190  11:37  Siege Tank x2  
  187  11:42  Thor  
  193  11:49  Thor  
  196  12:06  Hellion  
  196  12:07  Command Center, Hellion  
  196  12:08  Sensor Tower, Liberator x2  
  200  12:14  Hellion  
  200  12:15  Hellion x2  
  191  12:17  Hellion  
  191  12:18  Cyclone  
  179  12:27  Hellion  
  179  12:29  Cyclone x2  
  191  12:30  Hellion  
  191  12:32  Cyclone  
  191  12:33  Hellion  
  191  12:35  Command Center  
  192  12:39  Hellion x2  
  192  12:40  Command Center  
  200  12:44  Hellion x2  
  200  12:54  Orbital Command  
  200  13:03  Liberator  
  200  13:04  Missile Turret x2  
  200  13:05  Missile Turret  
  200  13:08  Hellion  
  200  13:11  Hellion  
  194  13:18  Hellion x2  
  175  13:20  SCV  
  175  13:21  SCV  
  175  13:22  Hellion  
  175  13:25  Cyclone x2, Hellion x2  
  175  13:26  Siege Tank, Hellion  
  194  13:30  Hellion  
  194  13:31  SCV  
  194  13:36  Drilling Claws  
  194  13:39  Hellion  
  192  13:43  Hellion  
  192  13:44  SCV, Hellion x2  
  192  13:46  Siege Tank  
  192  13:47  Siege Tank  
  197  13:51  Hellion  
  197  13:57  Cyclone  
  193  14:03  Hellion  
  193  14:05  Siege Tank  
  195  14:10  Unknown  
  195  14:11  Hellion x2  
  195  14:13  Command Center  
  195  14:14  Hellion  
  197  14:19  Terran Vehicle Weapons Level 3  
  197  14:20  Terran Ship Weapons Level 1  
  197  14:23  Hellion  
  189  14:33  Orbital Command  
  189  14:36  Hellion  
  189  14:37  Siege Tank  
  189  14:38  Siege Tank  
  157  14:39  Siege Tank x2  
  157  14:40  Hellion  
  157  14:45  Hellion x2  
  146  14:50  Hellion  
  146  14:51  Cyclone  
  147  14:54  Hellion  
  147  14:57  Hellion  
  140  15:01  Hellion  
  139  15:08  Hellion x2  
  139  15:10  Cyclone x2, Viking x2  
  139  15:11  Hellion  
  139  15:13  Hellion  
  154  15:17  Hellion  
  154  15:18  Cyclone  
  151  15:23  Liberator x2, Hellion x2  
  151  15:27  Siege Tank  
  151  15:28  SCV  
  132  15:29  SCV  
  132  15:30  Hellion  
  132  15:32  Siege Tank  
  123  15:41  Hellion  
  129  15:44  Hellion x2  
  129  15:49  Siege Tank  
  130  15:51  Planetary Fortress  
  128  16:03  Hellion  
  118  16:05  Hellion x2  
  118  16:06  Siege Tank, Orbital Command, Hellion  
  118  16:10  Hellion  
  118  16:11  Siege Tank  
  118  16:16  Siege Tank  
  120  16:21  Siege Tank  
  123  16:28  Orbital Command  
  123  16:29  Siege Tank  
  119  16:38  Siege Tank  
  103  16:49  Hellion  
  103  16:50  Hellion  
Tags
 
Add a new tag
Caveats
  • Supply blocks, unpowered buildings, or Contaminate may cause inaccurate times.
  • Supply counts are checked every 10 seconds.